 Dungeon Crawl Stone Soup version 0.26.0-45-g9c1d065592 (webtiles) character file.

Game seed: 9321636621922890851

60 trckry the Bolt Thrower (level 4, -4/27 HPs)
             Began as a Tengu Hunter on Jan 28, 2021.
             Slain by Sigmund
             ... wielding a +1 scythe of freezing
              (6 damage)
             ... on level 2 of the Dungeon.
             The game lasted 00:02:09 (1333 turns).

trckry the Bolt Thrower (Tengu Hunter)              Turns: 1333, Time: 00:02:10

Health: -4/27      AC:  6    Str: 13    XL:     4   Next: 6%
Magic:  5/5        EV: 10    Int: 12    God:
Gold:   82         SH:  0    Dex: 14    Spells: 3/3 levels left

rFire    . . .     SeeInvis .   b - +0 short sword
rCold    . . .     Faith    .   (no shield)
rNeg     . . .     Spirit   .   f - +0 scale mail (curse)
rPois    .         Reflect  .   (helmet restricted)
rElec    .         Harm     .   (no cloak)
rCorr    .         Rampage  .   (no gloves)
Will     .....                  (boots unavailable)
Stlth    ..........             (no amulet)
HPRegen  0.09/turn              i - +4 ring of slaying
MPRegen  0.09/turn              (no ring)

@: brilliant
A: beak, talons 3
a: no special abilities


You were on level 2 of the Dungeon.
You visited 1 branch of the dungeon, and saw 2 of its levels.

You collected 82 gold pieces.

Inventory:

Hand Weapons
 a - a +1 hand crossbow
 b - a +0 short sword (weapon)
Missiles
 d - 28 bolts
Armour
 f - a cursed +0 scale mail (worn)
Jewellery
 i - a +4 ring of slaying (left hand)
Scrolls
 e - a scroll of immolation {unknown}
 g - a scroll of random uselessness {unknown}
 j - a scroll of remove curse {unknown}
 k - a scroll of fear {unknown}
 l - a scroll of identify {unknown}
Potions
 c - a potion of heal wounds {unknown}
 h - a potion of invisibility {unknown}


   Skills:
 + Level 2.5 Fighting
 * Level 5.1 Crossbows
 + Level 1.4 Armour
 + Level 2.8 Dodging
 - Level 1.0 Stealth


You had 3 spell levels left.
You didn't know any spells.
Your spell library was empty.

Dungeon Overview and Level Annotations

Branches:
Dungeon (2/15)

Altars:

Annotations:
D:2 Sigmund


Innate Abilities, Weirdness & Mutations

You have a beak for a mouth.
You have claws for feet.


Message History

Sigmund flickers and vanishes!
Deactivating autopickup; reactivate with Ctrl-A.
You hear some strange, mumbled words.
You are confused.
You bump into the rock wall.
Something hits you. Something freezes you.
You bump into the rock wall.
You bump into the rock wall.
Something hits you but does no damage.
You're too confused to move!
Something hits you! Something freezes you.
You're too confused to move!
You feel less confused.
You hit something. Your kick misses something. Your peck misses something.
Something hits you!
* * * LOW HITPOINT WARNING * * *
Something freezes you.
* * * LOW HITPOINT WARNING * * *
It was a potion of brilliance.
You feel clever all of a sudden. Something hits you.
You die...

......... .......#
......# .....#
....# ... #{# #@#
################.#
............)....#
##################


There were no monsters in sight!

Vanquished Creatures
  2 adders (D:2)
  A worm (D:2)
  2 dart slugs (D:1)
  A leopard gecko (D:1)
  A ball python (D:1)
  5 bats
  A giant cockroach (D:1)
  6 hobgoblins
  3 kobolds
  A frilled lizard (D:1)
  6 goblins
  5 rats
34 creatures vanquished.

Notes
Turn   | Place    | Note
-------+----------+-------------------------------------------
     0 | D:1      | trckry the Tengu Hunter began the quest for the Orb.
     0 | D:1      | Reached XP level 1. HP: 12/12 MP: 2/2
   195 | D:1      | Reached XP level 2. HP: 17/17 MP: 3/3
   560 | D:1      | Reached skill level 1 in Armour
   759 | D:1      | Reached XP level 3. HP: 21/22 MP: 4/4
  1195 | D:2      | Reached skill level 5 in Crossbows
  1236 | D:2      | Reached XP level 4. HP: 25/27 MP: 5/5
  1323 | D:2      | Noticed Sigmund
  1332 | D:2      | HP: 2/27 [something (4)]
  1333 | D:2      | Slain by Sigmund

Illustrated notes

Levels and vault maps discovered:
D:1:      scummos_arrival_simple_fountains, layout_basic, columned_hall_lemuel,
          hex_large
D:2:      layout_basic, kennysheep_generic_room_16, uniq_sigmund

Skill      XL: |  1  2  3 |
---------------+----------+-----
Armour         | 1 |  1.4
Crossbows      | 5 |  5.1
Fighting       | |  2.5
Dodging        | |  2.8
Stealth        | |  1.0

Action                   |  1- 3 |  4- 6 || total
-------------------------+-------+-------++-------
Melee: Short sword       |    68 |     4 ||    72
       Kick              |    15 |       ||    15
       Peck              |     5 |       ||     5
  Use: Potion            |       |     1 ||     1
Armor: Leather armour    |     3 |       ||     3
       Scale mail        |    28 |     2 ||    30
Dodge: Dodged            |    36 |     1 ||    37
